 Dungeon Crawl Stone Soup version 0.32-a0-612-g1c984fe9d1 (webtiles) character file.

Game seed: 11132525032192745185

21 CougarLife the Digger (level 2, 15/15 HPs)
             Began as a Gargoyle Earth Elementalist on Mar 5, 2024.
             Was a Follower of Uskayaw.
             Quit the game on level 3 of the Dungeon.
             The game lasted 00:01:01 (1671 turns).

CougarLife the Digger (Gargoyle Earth Elementalist) Turns: 1671, Time: 00:01:02

Health: 15/15      AC:  4    Str: 11    XL:     2   Next: 87%
Magic:  5/5        EV: 11    Int: 15    God:    Uskayaw [*.....]
Gold:   83         SH:  0    Dex: 10    Spells: 4/5 levels left

rFire   . . .        (no weapon)
rCold   . . .        (no shield)
rNeg    + . .        a - +0 robe
rPois   ∞            (no helmet)
rElec   +            (no cloak)
rCorr   .            (no gloves)
SInv    .            (no boots)
Will    .....        (no amulet)
Stlth   ++           (no ring)
HPRegen 0.22/turn    (no ring)
MPRegen 0.09/turn

%: no passive effects
@: no status effects
A: sickness immunity, AC +2, negative energy resistance 1, electricity
resistance, torment resistance 1, petrification resistance
a: Renounce Religion, Stomp


You were on level 3 of the Dungeon.
You worshipped Uskayaw.
Uskayaw was noncommittal.
You visited 1 branch of the dungeon, and saw 3 of its levels.

You collected 83 gold pieces.

Inventory:

Armour
 a - a +0 robe (worn)
Scrolls
 c - a scroll of silence {unknown}
 g - a scroll of amnesia {unknown}
 h - 2 scrolls of blinking {unknown}
 i - 3 scrolls of identify {unknown}
Potions
 b - a potion of magic
 d - a potion of resistance {unknown}
 e - 2 potions of brilliance {unknown}
 f - 2 potions of attraction {unknown}
 j - a potion of curing {unknown}


   Skills:
 - Level 1.5 Dodging
 - Level 2.1 Stealth
 + Level 2.4 Spellcasting
 + Level 1.9 Conjurations
 + Level 4.0 Earth Magic


You had 4 spell levels left.
You knew the following spells:

 Your Spells              Type           Power      Damage    Failure   Level
a - Sandblast             Erth           28%        2d8       4%          1

Your spell library contained the following spells:

 Spells                   Type           Power      Damage    Failure   Level
 Passwall                 Erth           14%        N/A       12%         3
 Stone Arrow              Conj/Erth      20%        3d8       19%         3
 Brom's Barrelling Bould  Conj/Erth      10%        2d3       52%         4
 Gell's Gravitas          Tloc           1%         N/A       54%         3
 Teleport Other           Tloc           1%         N/A       54%         3
 Petrify                  Alch/Erth      7%         N/A       67%         4
 Dispersal                Tloc           0%         N/A       100%        6
 Chain Lightning          Conj/Air       2%         3d2       100%        9
 Fire Storm               Conj/Fire      2%         8d1       100%        9
 Shatter                  Erth           7%         3d9*      100%        9


Dungeon Overview and Level Annotations

Branches:
Dungeon (3/15)

Altars:
Uskayaw


Innate Abilities, Weirdness & Mutations

You are immune to sickness and miasma.
Your stone body is resilient. (AC +2)
You are immune to poison.
You resist negative energy. (rN+)
You are resistant to electric shocks. (rElec)
You are resistant to unholy torment.
You are immune to petrification.


Message History

You can't see any susceptible monsters within range! (Use Z to cast anyway.)
The blast of sand hits the bat!
You kill the bat!
You can't see any susceptible monsters within range! (Use Z to cast anyway.)
j - an orange potion You pick up a book of Annihilations and begin reading...
You add the spells Chain Lightning, Fire Storm and Shatter to your library.
A dart slug comes into view.
Found 12 gold pieces.
A dart slug is nearby!
You can't see any susceptible monsters within range! (Use Z to cast anyway.)
The blast of sand hits the dart slug!
The dart slug is almost dead.
A dart slug is nearby!
The blast of sand hits the dart slug!
You kill the dart slug!
You now have 46 gold pieces (gained 9).
You now have 58 gold pieces (gained 12).
Done exploring.
Done exploring.
No target in view!
You can't see any susceptible monsters within range! (Use Z to cast anyway.)
There is a stone staircase leading down here.
You climb downwards.
There is a stone staircase leading up here.
Unknown command.
Search for what [Enter for "dag", or ? for help]? dag Can't find anything matching that.
Found a faded altar of an unknown god.
f - 2 fuming green potions (gained 1)
You now have 69 gold pieces (gained 11).
You now have 83 gold pieces (gained 14).
You open the door.
Found a robe.
There is a faded altar of an unknown god here.
This altar belongs to (a) Cheibriados, (b) Vehumet or (c) Uskayaw, but you can't tell which.
Press the corresponding letter to learn more about a god, or press enter to convert or escape to cancel.
Uskayaw accepts your prayer! Uskayaw welcomes you!
You can now stomp with the beat.
Are you sure you want to abandon this character and quit the game? (Confirm with "yes".)

# #...# .. #.
#...###.#.. #.
##.......#
#.#######....#####
##...........#....#
#.......##...#.##.#
#..##.##.####..... #
#..#...#....###.##..
#....@.............
#..#...#....###.##.+
#..##.##...........#
#. .......#..##.##.
# ..#######...# .##
#####.#######
#............
#.###.#######
#.....#


There were no monsters in sight!

Vanquished Creatures
  A dart slug (D:2)
  A ribbon worm (D:2)
  4 ball pythons
  2 bats
  A goblin (D:1)
  A hobgoblin (D:1)
  A quokka (D:2)
  5 rats (D:1)
16 creatures vanquished.

Notes
Turn   | Place    | Note
-------+----------+-------------------------------------------
     0 | D:1      | CougarLife the Gargoyle Earth Elementalist began the quest
                  | for the Orb.
     0 | D:1      | Reached XP level 1. HP: 10/10 MP: 3/3
   463 | D:1      | Reached XP level 2. HP: 15/15 MP: 1/5
  1232 | D:2      | Reached skill level 4 in Earth Magic
  1594 | D:3      | Found a faded altar of an unknown god.
  1670 | D:3      | Prayed at the altar of an unknown god.
  1670 | D:3      | Became a worshipper of Uskayaw the Reveller
  1670 | D:3      | Reached * piety under Uskayaw
  1671 | D:3      | Quit the game

Illustrated notes

Levels and vault maps discovered:
D:1:      lemuel_arrival_muddy, layout_basic
D:2:      layout_basic
D:3:      layout_basic, mainiacjoe_overflow_boulevard,
          mainiacjoe_overflow_surrounded_room, kennysheep_vampire_church,
          ebering_ecumenical_altar_box, minmay_gold_behind_fungi

Skill      XL: |  1  2 |
---------------+-------+-----
Earth Magic    | 4 |  4.0
Dodging        | |  1.5
Stealth        | |  2.1
Spellcasting   | |  2.4
Conjurations   | |  1.9

Action                     || total
---------------------------++-------
  Melee: Unarmed           ||    15
   Cast: Sandblast         ||    22
 Armour: Robe              ||    17
  Dodge: Dodged            ||    20

Table legend: (Time is in decaauts)
 A = Elapsed time spent in this place.
 B = Non-inter-level travel time spent in this place.
 C = Inter-level travel time spent in this place.
 D = Time resting spent in this place.
 E = Time spent auto-exploring this place.
 F = Levels seen in this place.
 G = Mean time per level.
                   A        B        C        D        E       F      G
               +--------+--------+--------+--------+--------+-----+--------+
         Total |   1684 |   1539 |    145 |      0 |   1409 |   3 |  561.3 |
       Dungeon |   1684 |   1539 |    145 |      0 |   1409 |   3 |  561.3 |
               +--------+--------+--------+--------+--------+-----+--------+

Top non-repeatable levels by time:
     D:1: 1112 daAuts
     D:2: 471 daAuts
     D:3: 99 daAuts
